 Dungeon Crawl Stone Soup version 0.28-a0-1624-g820543e53a (webtiles) character file.

Game seed: 4200371807277788758

6 cyrus the Skirmisher (level 1, -1/21 HPs)
             Began as a Naga Berserker on Jan 23, 2022.
             Was a Follower of Trog.
             Slain by a quokka (4 damage)
             ... on level 1 of the Dungeon.
             The game lasted 00:01:18 (574 turns).

cyrus the Skirmisher (Naga Berserker)                Turns: 574, Time: 00:01:19

Health: -1/21      AC:  1    Str: 19    XL:     1   Next: 90%
Magic:  1/1        EV:  9    Int:  7    God:    Trog [*.....]
Gold:   32         SH:  0    Dex: 10    Spells: 0/0 levels left

rFire   . . .      SeeInvis +   a - +0 falchion
rCold   . . .      Faith    .   (no shield)
rNeg    . . .      Spirit   .   b - +0 animal skin
rPois   +          Reflect  .   (no helmet)
rElec   .          Harm     .   (no cloak)
rCorr   .          Rampage  .   (no gloves)
Will    .....                   (no barding)
Stlth   +.........              (no amulet)
HPRegen 0.07/turn               (no ring)
MPRegen 0.07/turn               (no ring)

@: on berserk cooldown, slowed, very slow
A: AC +0, large, see invisible, deformed body, poison resistance, slowness 2,
spit poison 1, naga tail 1
a: Spit Poison, Renounce Religion, Berserk


You were on level 1 of the Dungeon.
You worshipped Trog.
Trog was aware of your devotion.
You visited 1 branch of the dungeon, and saw 1 of its levels.

You collected 32 gold pieces.

Inventory:

Hand Weapons
 a - a +0 falchion (weapon)
Armour
 b - a +0 animal skin (worn)
Potions
 c - 2 potions of heal wounds {unknown}


   Skills:
 + Level 3.1 Fighting
 + Level 3.1 Long Blades
 + Level 1.6 Armour
 + Level 1.6 Dodging


You couldn't memorise any spells.
You didn't know any spells.
Your spell library was empty.

Dungeon Overview and Level Annotations

Branches:
Dungeon (1/15)

Altars:


Innate Abilities, Weirdness & Mutations

Your serpentine skin is tough. (AC +0)
You have supernaturally acute eyesight. (SInv)
Armour fits poorly on your strangely shaped body.
Your system is resistant to poisons. (rPois)
You cover ground very slowly.
You can spit poison.
You have a snake-like lower body.


Message History

You have got your breath back.
You start resting.
HP restored.
You start waiting.
Done waiting.
Found an escape hatch in the floor.
A hobgoblin comes into view.
The hobgoblin shouts!
You hear a shout!
A quokka comes into view.
A red film seems to cover your vision as you go berserk!
You feel yourself moving faster!
You feel mighty!
A kobold comes into view. It is wielding a +0 dagger.
You feel a strong urge to attack something.
The kobold shouts!
The kobold throws a stone.
The stone closely misses you.
The kobold throws a stone.
The stone barely misses you.
You feel your anger nearly subside.
A rat comes into view.
The hobgoblin hits you.
You slash the hobgoblin!
You kill the hobgoblin!
Trog accepts your kill.
You are no longer berserk.
You are exhausted.
You feel yourself slow down. The quokka bites you.
The quokka closely misses you.
The kobold throws a stone.
The stone hits you. The quokka bites you.
You see here a hobgoblin corpse.
The quokka closely misses you. The quokka barely misses you.
The kobold barely misses you. The quokka bites you.
The kobold hits you with a +0 dagger. The quokka bites you.
The kobold hits you with a +0 dagger.
* * * LOW HITPOINT WARNING * * *
The quokka closely misses you. The rat closely misses you.
The quokka bites you.
* * * LOW HITPOINT WARNING * * *
The kobold hits you with a +0 dagger.
* * * LOW HITPOINT WARNING * * *
The rat barely misses you. The rat closely misses you. The quokka bites you.
You die...

.............#
.............#
.............#
.............# .#
............# #...
....#..!...#####.....
........r.............
#..@rK†...........
#.................
#.................
#..#.............> .......
.##..#..............
.......#.#..................
............................
..♣..................#......
......#...#..#......######..


You could see a quokka, a kobold and a rat.

Vanquished Creatures
  An endoplasm (D:1)
  3 hobgoblins (D:1)
  A kobold (D:1)
5 creatures vanquished.

Notes
Turn   | Place    | Note
-------+----------+-------------------------------------------
     0 | D:1      | cyrus the Naga Berserker began the quest for the Orb.
     0 | D:1      | Reached XP level 1. HP: 21/21 MP: 1/1
   574 | D:1      | Slain by a quokka

Illustrated notes

Levels and vault maps discovered:
D:1:      nicolae_arrival_somewhat_less_tricky_arrival, layout_rooms

Action                   || total
-------------------------++-------
Melee: Falchion          ||    10
       Punch             ||     1
Invok: Berserk           ||     1
 Abil: Spit Poison       ||     2
Armor: Animal skin       ||     1
Dodge: Dodged            ||    11

Table legend: (Time is in decaauts)
 A = Elapsed time spent in this place.
 B = Non-inter-level travel time spent in this place.
 C = Inter-level travel time spent in this place.
 D = Time resting spent in this place.
 E = Time spent auto-exploring this place.
 F = Levels seen in this place.
 G = Mean time per level.
                   A        B        C        D        E       F      G
               +--------+--------+--------+--------+--------+-----+--------+
         Total |    639 |    639 |      0 |    385 |    195 |   1 |  639.0 |
       Dungeon |    639 |    639 |      0 |    385 |    195 |   1 |  639.0 |
               +--------+--------+--------+--------+--------+-----+--------+

Top non-repeatable levels by time:
     D:1: 639 daAuts
